Map: Prion Terraces

Players

Miszu

  • Race: Terran Terran
  • League: Master

memOryfreak - Winner!

  • Race: Zerg Zerg
  • League: Master

VOD

Have the link to the VOD?

Description

Time

  • Played on: March 13, 2016, 9:25 a.m.
  • Length: 5:23
Show
View Real Time Build Order
Export as new Build Order

Miszu Terran 

Build Orders:  

Get SALT Encoding   

  12  0:00  SCV  
  13  0:12  SCV  
  14  0:18  Supply Depot  
  14  0:24  SCV  
  15  0:39  SCV  
  16  0:44  Barracks  
  16  0:46  Refinery  
  16  0:51  SCV  
  17  0:58  Barracks  
  17  1:03  SCV  
  18  1:16  Barracks  
  18  1:20  SCV  
  19  1:30  Refinery  
  19  1:38  Orbital Command  
  19  1:42  Reaper  
  20  1:47  Reaper  
  21  1:55  Supply Depot  
  21  2:04  SCV  
  23  2:17  Reaper, SCV  
  23  2:20  Supply Depot  
  25  2:26  Reaper x2  
  25  2:29  SCV  
  27  2:41  SCV  
  28  2:49  Reaper  
  29  2:58  Reaper x2  
  31  2:59  SCV  
  31  3:05  Command Center  
  32  3:11  SCV  
  33  3:21  Reaper  
  32  3:30  Reaper x2, SCV  
  34  3:45  SCV  
  33  3:53  Reaper  
  34  4:00  SCV  
  34  4:02  Reaper x2, Command Center  
  35  4:14  Supply Depot  
  35  4:15  SCV  
  36  4:25  Reaper  
  36  4:27  SCV  
  38  4:34  Reaper  
  38  4:35  Reaper  
  40  4:40  SCV  
  41  5:01  SCV  
  43  5:10  Barracks Reactor  
  43  5:12  Barracks Tech Lab  
  41  5:14  Barracks Tech Lab  
  41  5:16  Factory  
Show
View Real Time Build Order
Export as new Build Order

memOryfreak Zerg - Winner!

Build Orders: Hatch First 

Get SALT Encoding   

  12  0:01  Drone  
  13  0:13  Overlord  
  13  0:17  Drone  
  14  0:32  Drone x2  
  16  0:35  Drone  
  17  0:53  Hatchery  
  17  0:56  Drone  
  17  0:59  Extractor, Drone  
  17  1:13  Spawning Pool  
  17  1:17  Drone  
  17  1:19  Drone  
  18  1:29  Drone  
  19  1:39  Overlord  
  19  2:01  Queen  
  21  2:02  Metabolic Boost, Zergling x4  
  23  2:10  Queen  
  23  2:14  Zergling x2  
  26  2:23  Drone x2  
  26  2:24  Drone  
  29  2:39  Hatchery  
  28  2:47  Zergling x8  
  32  2:55  Queen  
  34  3:00  Overlord  
  34  3:02  Zergling x2  
  35  3:06  Zergling x2  
  35  3:21  Zergling x14  
  41  3:33  Overlord  
  41  3:34  Drone x3  
  42  3:55  Drone x8  
  48  4:06  Roach Warren  
  40  4:11  Drone x4  
  43  4:17  Zergling x4  
  45  4:30  Extractor  
  44  4:31  Zergling x8  
  44  4:32  Zergling x8  
  52  4:39  Extractor  
  52  4:40  Extractor  
  52  4:42  Overlord x2  
  48  4:54  Overlord x2  
  47  5:01  Roach x6  
Tags
 
Add a new tag
Caveats
  • Supply blocks, unpowered buildings, or Contaminate may cause inaccurate times.
  • Supply counts are checked every 10 seconds.